 Dungeon Crawl Stone Soup version 0.17.0-22-g5edae84 (webtiles) character file.

2317 JudasIscariot the Ducker (level 9, -1/127 HPs)
             Began as a Troll Fighter on Nov 12, 2015.
             Was an Initiate of Okawaru.
             Slain by a wolf (2 damage)
             ... led by Grum
             ... on level 8 of the Dungeon.
             The game lasted 00:17:11 (5546 turns).

JudasIscariot the Ducker (Troll Fighter)            Turns: 5546, Time: 00:17:12

Health: -1/127     AC: 24    Str: 29      XL:     9   Next: 18%
Magic:  0/8        EV:  1    Int:  4      God:    Okawaru [......]
Gold:   328        SH: 10    Dex: 12 (14) Spells: 0 memorised, 8 levels left

rFire  . . .     SeeInvis .     F - +2 whip (elec)
rCold  . . .     Clarity  .     (armour currently unavailable)
rNeg   + + +     SustAt   .     c - +0 shield
rPois  +         Gourm    +     (helmet currently unavailable)
rElec  .         Spirit   +     (cloak currently unavailable)
rCorr  .         Warding  .     (gloves unavailable)
rMut   .         NoTele   +     (boots unavailable)
MR     .....                    L - amulet of guardian spirit
Stlth  +++.......               v - ring of ice
                                r - ring of fire

@: agile, tree-form, not resistant to hostile enchantments, fairly stealthy
A: unfitting armour, (claws 0), fast metabolism 3, gourmand, regeneration 2,
(shaggy fur 0), (tough skin 0)
a: Renounce Religion


You were on level 8 of the Dungeon.
You worshipped Okawaru.
Okawaru was noncommittal.
You were very full.
You were a tree.
You visited 2 branches of the dungeon, and saw 9 of its levels.

You collected 328 gold pieces.

Inventory:

Hand Weapons
 a - a +0 flail
 F - a +2 whip of electrocution (weapon)
 Q - a +0 dire flail
Armour
 b - a +0 robe (melded)
 c - a +0 shield (worn)
 n - a +0 cloak
 u - a +2 cloak (melded)
Jewellery
 r - a ring of fire (left branch)
 v - a ring of ice (right branch)
 L - an amulet of guardian spirit (around neck)
Wands
 j - a wand of frost (30)
 q - a wand of flame (26)
 C - a wand of polymorph (14)
 K - a wand of slowing (21)
Scrolls
 f - 8 scrolls of identify {unknown}
 g - 3 scrolls of fog {unknown}
 i - 3 scrolls of enchant weapon {unknown}
 k - 4 scrolls of enchant armour {unknown}
 l - 4 scrolls of blinking {unknown}
 w - a scroll of immolation {unknown}
 x - a scroll of teleportation
 y - 2 scrolls of noise {unknown}
 B - a scroll of fear {unknown}
 D - a scroll of magic mapping {unknown}
 G - 2 scrolls of recharging {unknown}
 H - 3 scrolls of remove curse {unknown}
 P - a scroll of random uselessness {unknown}
Potions
 d - 2 potions of might
 m - a potion of degeneration
 o - 2 potions of agility
 p - 2 potions of magic
 t - a potion of flight {unknown}
 z - 2 potions of poison
 E - 3 potions of brilliance {unknown}
 I - a potion of cure mutation {unknown}
 N - 5 potions of cancellation {unknown}
 R - a potion of heal wounds {unknown}
Books
 J - a Fen Folio

   Spells                             Type                      Level
   a - Corpse Rot                     Necromancy                   2
   b - Stone Arrow                    Conjuration/Earth            3
   c - Leda's Liquefaction            Hexes/Earth                  4
   d - Summon Forest                  Summoning/Translocation      5
   e - Hydra Form                     Transmutation                6
   f - Summon Hydra                   Summoning                    7
 M - a book of Summonings

   Spells                             Type                      Level
   a - Recall                         Summoning/Translocation      3
   b - Aura of Abjuration             Summoning                    5
   c - Shadow Creatures               Summoning                    5
   d - Summon Demon                   Summoning                    5
   e - Summon Forest                  Summoning/Translocation      5
   f - Summon Mana Viper              Hexes/Summoning              5
Comestibles
 e - 7 bread rations
 s - 4 beef jerkies
 O - a meat ration


   Skills:
 * Level 4.6 Fighting
 * Level 4.8 Maces & Flails
 * Level 7.3 Dodging
 + Level 1.1 Stealth
 * Level 5.2 Shields


You had 8 spell levels left.
You didn't know any spells.

Dungeon Overview and Level Annotations

Branches:
Dungeon (8/15)             Temple (1/1) D:7
   Lair: D:8-11

Altars:
Ashenzari
Cheibriados
Elyvilon
Fedhas
Gozag
Kikubaaqudgha
Makhleb
Nemelex Xobeh
Okawaru
Qazlal
Ru
Sif Muna
Trog
Vehumet
Xom
Yredelemnul
Zin
The Shining One

Annotations:
D:8 Grum


Innate Abilities, Weirdness & Mutations

You are too large for most types of armour.
((You have claws for hands.))
Your metabolism is lightning-fast.
You like to eat raw meat.
You heal very quickly.
((You are covered in fur (AC +1).))
((You have very tough skin (AC +2).))


Message History

You block the wolf's attack. x2
The wolf stops to sniff the ground.
You block the wolf's attack. The wolf bites you but does no damage.
The wolf bites you.
* * * LOW HITPOINT WARNING * * *
The wolf bites you but does no damage.
Drink which item? (? for menu, Esc to quit)
It was a potion of magic.
Magic courses through your body. The wolf bites you but does no damage.
The wolf bites you.
* * * LOW HITPOINT WARNING * * *
The wolf bites you.
* * * LOW HITPOINT WARNING * * *
You block the wolf's attack. The wolf bites you but does no damage.
The wolf bites you but does no damage. You block the wolf's attack.
The wolf bites you but does no damage.
Drink which item? (? for menu, Esc to quit)
It was a potion of poison.
You feel slightly nauseous. You block the wolf's attack.
The wolf bites you but does no damage. The wolf bites you.
You die...

#########
########.......#
......h♣h.<....#
......#hh......#
..... #........#
.... ##.......#
... ##'###### ..
#.........# .
#.........#
#.........#
#.........#


You could see 4 wolves.

Vanquished Creatures
  A hippogriff (D:6)
  2 sky beasts
  Duvessa (D:6)
  2 orc warriors (D:6)
  A necrophage (D:7)
  A crocodile (D:7)
  2 giant frogs (D:7)
  Dowan (D:6)
  2 big kobolds
  A wyvern skeleton (D:7)
  3 killer bees (D:7)
  2 scorpions
  3 hounds
  A crimson imp (D:5)
  Crazy Yiuf (D:2)
  A giant frog skeleton (D:7)
  2 iguanas
  A jelly (D:5)
  2 orc priests (D:7)
  2 giant frog zombies (D:5)
  4 worker ants
  Jessica (D:2)
  Natasha (D:2)
  4 orc wizards
  A hound zombie (D:7)
  A worker ant zombie (D:6)
  7 adders
  9 gnolls
  A shadow imp (D:6)
  An adder zombie (D:3)
  An adder skeleton (D:7)
  5 worms
  7 giant geckos
  20 orcs
  2 ball pythons
  5 giant cockroaches
  8 goblins
  9 hobgoblins
  7 jackals
  14 kobolds
  2 quokkas
  9 bats
  6 giant newts
  A quokka skeleton (D:5)
  7 rats
165 creatures vanquished.

Notes
Turn   | Place    | Note
--------------------------------------------------------------
     0 | D:1      | JudasIscariot the Troll Fighter began the quest for the Orb.
     0 | D:1      | Reached XP level 1. HP: 22/22 MP: 0/0
   151 | D:1      | Reached XP level 2. HP: 29/29 MP: 1/1
   763 | D:2      | Noticed Jessica
   766 | D:2      | Reached XP level 3. HP: 31/36 MP: 2/2
   769 | D:2      | Killed Jessica
   854 | D:2      | Reached skill level 3 in Shields
   854 | D:2      | Reached XP level 4. HP: 13/44 MP: 3/3
  1398 | D:2      | Noticed Natasha
  1417 | D:2      | Killed Natasha
  1518 | D:2      | Noticed Crazy Yiuf
  1525 | D:2      | Killed Crazy Yiuf
  1525 | D:2      | Reached XP level 5. HP: 36/52 MP: 4/4
  1594 | D:3      | Found a radiant altar of Vehumet.
  1710 | D:3      | Found a bloodstained altar of Trog.
  1772 | D:3      | Found a deep blue altar of Sif Muna.
  1790 | D:3      | Found an ancient bone altar of Kikubaaqudgha.
  1790 | D:3      | Found a white marble altar of Elyvilon.
  1791 | D:3      | Found a burning altar of Makhleb.
  1791 | D:3      | Found a stormy altar of Qazlal.
  1791 | D:3      | Found a glowing golden altar of the Shining One.
  1791 | D:3      | Found a sparkling altar of Nemelex Xobeh.
  1958 | D:3      | Found a shattered altar of Ashenzari.
  2247 | D:3      | Found an opulent altar of Gozag.
  2248 | D:3      | Found a glowing silver altar of Zin.
  2268 | D:3      | Reached skill level 4 in Dodging
  2712 | D:4      | Reached XP level 6. HP: 61/61 MP: 5/5
  3135 | D:5      | Entered Level 5 of the Dungeon
  3181 | D:5      | Reached XP level 7. HP: 59/67 MP: 6/6
  3290 | D:5      | Reached skill level 5 in Dodging
  3609 | D:5      | Found a snail-covered altar of Cheibriados.
  4144 | D:6      | Noticed Dowan
  4147 | D:6      | Noticed Duvessa
  4150 | D:6      | Killed Duvessa
  4150 | D:6      | Reached XP level 8. HP: 76/78 MP: 5/7
  4166 | D:6      | Killed Dowan
  4213 | D:6      | Reached skill level 6 in Dodging
  4311 | D:6      | Found a sacrificial altar of Ru.
  4648 | D:7      | Found a shimmering altar of Xom.
  4674 | D:7      | Reached skill level 1 in Stealth
  4887 | D:7      | Reached skill level 7 in Dodging
  4913 | D:7      | Reached XP level 9. HP: 76/85 MP: 8/8
  4934 | D:7      | Found a staircase to the Ecumenical Temple.
  4939 | Temple   | Entered the Ecumenical Temple
  4956 | Temple   | Became a worshipper of Warmaster Okawaru
  5025 | D:7      | Reached skill level 5 in Shields
  5514 | D:8      | Noticed Grum
  5542 | D:8      | HP: 5/127 [wolf[Grum] (6)]
  5545 | D:8      | HP: 1/127 [wolf[Grum] (2)]
  5546 | D:8      | Slain by a wolf

Action                   |  1- 3 |  4- 6 |  7- 9 || total
-------------------------+-------+-------+-------++-------
Melee: Flail             |    88 |   243 |       ||   331
       Whip              |       |    33 |   328 ||   361
  Use: Potion            |       |     1 |     9 ||    10
       Scroll            |       |       |     1 ||     1
 Stab: Sleeping          |       |     2 |     1 ||     3
  Eat: Chunk             |    14 |    22 |    20 ||    56
